Workbook

Sheet Model
U2: Cash Flow Forecast Model Template prepared by Magnimetrics.
A3: Cash Flow Forecast Model | U3: Magnimetrics takes no responsibility for any losses that may arise from using the information within this file.
B5: Assumptions & Inputs | E5: 1 | F5: 2 | G5: 3 | H5: 4 | I5: 5 | J5: 6 | K5: 7 | L5: 8 | M5: 9 | N5: 10 | O5: 11 | P5: 12 | Q5: 13 | R5: 14 | S5: 15 | T5: 16 | U5: 17 | V5: 18
D6: Sales & COGS Forecast
D7: Cash Sales % | E7: 0.6 | F7: 0.6 | G7: 0.6 | H7: 0.6 | I7: 0.6 | J7: 0.6 | K7: 0.6 | L7: 0.6 | M7: 0.6 | N7: 0.6 | O7: 0.6 | P7: 0.6 | Q7: 0.6 | R7: 0.6 | S7: 0.6 | T7: 0.6 | U7: 0.6 | V7: 0.6
D8: Credit Sales % | E8: =1-E7 -> 0.4 | F8: =1-F7 -> 0.4 | G8: =1-G7 -> 0.4 | H8: =1-H7 -> 0.4 | I8: =1-I7 -> 0.4 | J8: =1-J7 -> 0.4 | K8: =1-K7 -> 0.4 | L8: =1-L7 -> 0.4 | ... V8: =1-V7 -> 0.4
D9: Credit Sales collection delay | E9: 1 month
D10: Returns % | E10: 0.05 | F10: 0.05 | G10: 0.05 | H10: 0.05 | I10: 0.05 | J10: 0.05 | K10: 0.05 | L10: 0.05 | M10: 0.05 | N10: 0.05 | O10: 0.05 | P10: 0.05 | Q10: 0.05 | R10: 0.05 | S10: 0.05 | T10: 0.05 | U10: 0.05 | V10: 0.05
D12: Product A
D13: Volume | E13: 50 | F13: 60 | G13: 70 | H13: 100 | I13: 150 | J13: 200 | K13: 240 | L13: 230 | M13: 220 | N13: 200 | O13: 190 | P13: 200 | Q13: 180 | R13: 190 | S13: 200 | T13: 190 | U13: 200 | V13: 195
D14: Price | E14: 155 | F14: =E14 -> 155 | G14: =F14 -> 155 | H14: =G14 -> 155 | I14: =H14 -> 155 | J14: =I14 -> 155 | K14: =J14 -> 155 | L14: =K14 -> 155 | M14: =L14 -> 155 | ... V14: =U14 -> 155
D15: COGS % | E15: 0.8 | F15: 0.8 | G15: 0.8 | H15: 0.8 | I15: 0.8 | J15: 0.8 | K15: 0.8 | L15: 0.8 | M15: 0.8 | N15: 0.8 | O15: 0.8 | P15: 0.8 | Q15: 0.8 | R15: 0.8 | S15: 0.8 | T15: 0.8 | U15: 0.8 | V15: 0.8
D17: Product B
D18: Volume | E18: 30 | F18: 40 | G18: 50 | H18: 40 | I18: 45 | J18: 55 | K18: 50 | L18: 60 | M18: 50 | N18: 45 | O18: 50 | P18: 60 | Q18: 55 | R18: 50 | S18: 60 | T18: 55 | U18: 60 | V18: 50
D19: Price | E19: 260 | F19: =E19 -> 260 | G19: =F19 -> 260 | H19: =G19 -> 260 | I19: =H19 -> 260 | J19: =I19 -> 260 | K19: =J19 -> 260 | L19: =K19 -> 260 | M19: =L19 -> 260 | ... V19: =U19 -> 260
D20: COGS % | E20: 0.75 | F20: 0.75 | G20: 0.75 | H20: 0.75 | I20: 0.75 | J20: 0.75 | K20: 0.75 | L20: 0.75 | M20: 0.75 | N20: 0.75 | O20: 0.75 | P20: 0.75 | Q20: 0.75 | R20: 0.75 | S20: 0.75 | T20: 0.75 | U20: 0.75 | V20: 0.75
D22: Other inflows
D23: Additional investment
D24: Government grant | H24: 10000
D27: Admin & Operating costs
D28: Head count | E28: 2 | F28: 2 | G28: 2 | H28: 3 | I28: 3 | J28: 3 | K28: 3 | L28: 3 | M28: 3 | N28: 3 | O28: 3 | P28: 3 | Q28: 3 | R28: 3 | S28: 3 | T28: 3 | U28: 3 | V28: 3
D29: Average Gross Salary | E29: 850 | F29: 850 | G29: 850 | H29: 850 | I29: 850 | J29: 850 | K29: 850 | L29: 850 | M29: 900 | N29: 900 | O29: 900 | P29: 900 | Q29: 900 | R29: 900 | S29: 900 | T29: 900 | U29: 900 | V29: 900
D30: Employeer payroll taxes % | E30: 0.21 | F30: 0.21 | G30: 0.21 | H30: 0.21 | I30: 0.21 | J30: 0.21 | K30: 0.21 | L30: 0.21 | M30: 0.21 | N30: 0.21 | O30: 0.21 | P30: 0.21 | Q30: 0.21 | R30: 0.21 | S30: 0.21 | T30: 0.21 | U30: 0.21 | V30: 0.21
D31: Marketing costs | E31: 1500 | F31: 1500 | G31: 1500 | H31: 1500 | I31: 1500 | J31: 1500 | K31: 1500 | L31: 1500 | M31: 1500 | N31: 1500 | O31: 1500 | P31: 1500 | Q31: 1500 | R31: 1500 | S31: 1500 | T31: 1500 | U31: 1500 | V31: 1500
D32: Transport per item | E32: 5 | F32: 5 | G32: 5 | H32: 5 | I32: 5 | J32: 5 | K32: 5 | L32: 5 | M32: 5 | N32: 5 | O32: 5 | P32: 5 | Q32: 5 | R32: 5 | S32: 5 | T32: 5 | U32: 5 | V32: 5
D34: Other purchases
D35: Furniture | E35: -1500 | H35: -800
D36: Hardware | E36: -4000 | H36: -2500 | P36: -4000
D37: Software | E37: -2000 | H37: -1200 | Q37: -2000
B39: Cash Flow Scenario Modifiers
D40: Change in Sales | E40: 0
D41: Change in Other inflows | E41: 0
D42: Change in COGS | E42: 0
D43: Change in OPEX | E43: 0
D44: Change in Other outflows | E44: 0
D45: Model Start Date | E45: 43831
E47: =E45 -> 43831 | F47: =DATE(YEAR(E47),MONTH(E47)+1,DAY(E47)) -> 43862 | G47: =DATE(YEAR(F47),MONTH(F47)+1,DAY(F47)) -> 43891 | H47: =DATE(YEAR(G47),MONTH(G47)+1,DAY(G47)) -> 43922 | I47: =DATE(YEAR(H47),MONTH(H47)+1,DAY(H47)) -> 43952 | J47: =DATE(YEAR(I47),MONTH(I47)+1,DAY(I47)) -> 43983 | K47: =DATE(YEAR(J47),MONTH(J47)+1,DAY(J47)) -> 44013 | L47: =DATE(YEAR(K47),MONTH(K47)+1,DAY(K47)) -> 44044 | M47: =DATE(YEAR(L47),MONTH(L47)+1,DAY(L47)) -> 44075 | ... V47: =DATE(YEAR(U47),MONTH(U47)+1,DAY(U47)) -> 44348
D48: Month | E48: =VLOOKUP(MONTH(E47),Config!$B$1:$C$13,2,0) -> January | F48: =VLOOKUP(MONTH(F47),Config!$B$1:$C$13,2,0) -> February | G48: =VLOOKUP(MONTH(G47),Config!$B$1:$C$13,2,0) -> March | H48: =VLOOKUP(MONTH(H47),Config!$B$1:$C$13,2,0) -> April | I48: =VLOOKUP(MONTH(I47),Config!$B$1:$C$13,2,0) -> May | J48: =VLOOKUP(MONTH(J47),Config!$B$1:$C$13,2,0) -> June | K48: =VLOOKUP(MONTH(K47),Config!$B$1:$C$13,2,0) -> July | L48: =VLOOKUP(MONTH(L47),Config!$B$1:$C$13,2,0) -> August | ... V48: =VLOOKUP(MONTH(V47),Config!$B$1:$C$13,2,0) -> June
E49: EUR'000 | F49: EUR'000 | G49: EUR'000 | H49: EUR'000 | I49: EUR'000 | J49: EUR'000 | K49: EUR'000 | L49: EUR'000 | M49: EUR'000 | N49: EUR'000 | O49: EUR'000 | P49: EUR'000 | Q49: EUR'000 | R49: EUR'000 | S49: EUR'000 | T49: EUR'000 | U49: EUR'000 | V49: EUR'000
B50: Cash Balances
D51: Cash at beginning of period | E51: 20000 | F51: =E54 -> 5045.5 | G51: =F54 -> 2803.5 | H51: =G54 -> 1214 | I51: =H54 -> 5013.5 | J51: =I54 -> 1660.5 | K51: =J54 -> -830 | L51: =K54 -> -645.5 | M51: =L54 -> 1366.5 | ... V51: =U54 -> 9421
D52: Total Cash in-flows | E52: =E72 -> 8552.5 | F52: =F72 -> 17055 | G52: =G72 -> 20997.5 | H52: =H72 -> 33785 | I52: =I72 -> 29582.5 | J52: =J72 -> 38895 | K52: =K72 -> 45730 | L52: =L72 -> 48267.5 | ... V52: =V72 -> 42413.75
D53: Total Cash out-flows | E53: =E93 -> -23507 | F53: =F93 -> -19297 | G53: =G93 -> -22587 | H53: =H93 -> -29985.5 | I53: =I93 -> -32935.5 | J53: =J93 -> -41385.5 | K53: =K93 -> -45545.5 | L53: =L93 -> -46255.5 | ... V53: =V93 -> -39922
D54: Cash at end of period | E54: =SUM(E51:E53) -> 5045.5 | F54: =SUM(F51:F53) -> 2803.5 | G54: =SUM(G51:G53) -> 1214 | H54: =SUM(H51:H53) -> 5013.5 | I54: =SUM(I51:I53) -> 1660.5 | J54: =SUM(J51:J53) -> -830 | K54: =SUM(K51:K53) -> -645.5 | L54: =SUM(L51:L53) -> 1366.5 | ... V54: =SUM(V51:V53) -> 11912.75
B56: Cash Inflows
C57: Sales Revenue
D58: Product Type A
D59: Cash Sales | E59: =E7*E13*E14*(1+$E$40) -> 4650 | F59: =F7*F13*F14*(1+$E$40) -> 5580 | G59: =G7*G13*G14*(1+$E$40) -> 6510 | H59: =H7*H13*H14*(1+$E$40) -> 9300 | I59: =I7*I13*I14*(1+$E$40) -> 13950 | J59: =J7*J13*J14*(1+$E$40) -> 18600 | K59: =K7*K13*K14*(1+$E$40) -> 22320 | L59: =L7*L13*L14*(1+$E$40) -> 21390 | ... V59: =V7*V13*V14*(1+$E$40) -> 18135
D60: Credit Sales Collection | F60: =F8*E13*E14*(1+$E$40) -> 3100 | G60: =G8*F13*F14*(1+$E$40) -> 3720 | H60: =H8*G13*G14*(1+$E$40) -> 4340 | I60: =I8*H13*H14*(1+$E$40) -> 6200 | J60: =J8*I13*I14*(1+$E$40) -> 9300 | K60: =K8*J13*J14*(1+$E$40) -> 12400 | L60: =L8*K13*K14*(1+$E$40) -> 14880 | M60: =M8*L13*L14*(1+$E$40) -> 14260 | ... V60: =V8*U13*U14*(1+$E$40) -> 12400
D61: Returns | E61: =-E10*E13*E14*(1+$E$40) -> -387.5 | F61: =-F10*F13*F14*(1+$E$40) -> -465 | G61: =-G10*G13*G14*(1+$E$40) -> -542.5 | H61: =-H10*H13*H14*(1+$E$40) -> -775 | I61: =-I10*I13*I14*(1+$E$40) -> -1162.5 | J61: =-J10*J13*J14*(1+$E$40) -> -1550 | K61: =-K10*K13*K14*(1+$E$40) -> -1860 | L61: =-L10*L13*L14*(1+$E$40) -> -1782.5 | ... V61: =-V10*V13*V14*(1+$E$40) -> -1511.25
D63: Product Type B
D64: Cash Sales | E64: =E7*E18*E19*(1+$E$40) -> 4680 | F64: =F7*F18*F19*(1+$E$40) -> 6240 | G64: =G7*G18*G19*(1+$E$40) -> 7800 | H64: =H7*H18*H19*(1+$E$40) -> 6240 | I64: =I7*I18*I19*(1+$E$40) -> 7020 | J64: =J7*J18*J19*(1+$E$40) -> 8580 | K64: =K7*K18*K19*(1+$E$40) -> 7800 | L64: =L7*L18*L19*(1+$E$40) -> 9360 | ... V64: =V7*V18*V19*(1+$E$40) -> 7800
D65: Credit Sales Collection | F65: =F8*E18*E19*(1+$E$40) -> 3120 | G65: =G8*F18*F19*(1+$E$40) -> 4160 | H65: =H8*G18*G19*(1+$E$40) -> 5200 | I65: =I8*H18*H19*(1+$E$40) -> 4160 | J65: =J8*I18*I19*(1+$E$40) -> 4680 | K65: =K8*J18*J19*(1+$E$40) -> 5720 | L65: =L8*K18*K19*(1+$E$40) -> 5200 | M65: =M8*L18*L19*(1+$E$40) -> 6240 | ... V65: =V8*U18*U19*(1+$E$40) -> 6240
D66: Returns | E66: =-E10*E18*E19*(1+$E$40) -> -390 | F66: =-F10*F18*F19*(1+$E$40) -> -520 | G66: =-G10*G18*G19*(1+$E$40) -> -650 | H66: =-H10*H18*H19*(1+$E$40) -> -520 | I66: =-I10*I18*I19*(1+$E$40) -> -585 | J66: =-J10*J18*J19*(1+$E$40) -> -715 | K66: =-K10*K18*K19*(1+$E$40) -> -650 | L66: =-L10*L18*L19*(1+$E$40) -> -780 | ... V66: =-V10*V18*V19*(1+$E$40) -> -650
C68: Other cash inflows
D69: Additional investment | E69: =E23*(1+$E$41) -> 0 | F69: =F23*(1+$E$41) -> 0 | G69: =G23*(1+$E$41) -> 0 | H69: =H23*(1+$E$41) -> 0 | I69: =I23*(1+$E$41) -> 0 | J69: =J23*(1+$E$41) -> 0 | K69: =K23*(1+$E$41) -> 0 | L69: =L23*(1+$E$41) -> 0 | ... V69: =V23*(1+$E$41) -> 0
D70: Government grants | E70: =E24*(1+$E$41) -> 0 | F70: =F24*(1+$E$41) -> 0 | G70: =G24*(1+$E$41) -> 0 | H70: =H24*(1+$E$41) -> 10000 | I70: =I24*(1+$E$41) -> 0 | J70: =J24*(1+$E$41) -> 0 | K70: =K24*(1+$E$41) -> 0 | L70: =L24*(1+$E$41) -> 0 | ... V70: =V24*(1+$E$41) -> 0
C72: Total Cash Inflows | E72: =SUM(E59:E71) -> 8552.5 | F72: =SUM(F59:F71) -> 17055 | G72: =SUM(G59:G71) -> 20997.5 | H72: =SUM(H59:H71) -> 33785 | I72: =SUM(I59:I71) -> 29582.5 | J72: =SUM(J59:J71) -> 38895 | K72: =SUM(K59:K71) -> 45730 | L72: =SUM(L59:L71) -> 48267.5 | ... V72: =SUM(V59:V71) -> 42413.75
B74: Cash Outflows
C75: Cost of Goods Sold
D76: Product Type A
D77: COGS | E77: =-E15*E13*E14*(1+$E$42) -> -6200 | F77: =-F15*F13*F14*(1+$E$42) -> -7440 | G77: =-G15*G13*G14*(1+$E$42) -> -8680 | H77: =-H15*H13*H14*(1+$E$42) -> -12400 | I77: =-I15*I13*I14*(1+$E$42) -> -18600 | J77: =-J15*J13*J14*(1+$E$42) -> -24800 | K77: =-K15*K13*K14*(1+$E$42) -> -29760 | L77: =-L15*L13*L14*(1+$E$42) -> -28520 | ... V77: =-V15*V13*V14*(1+$E$42) -> -24180
D79: Product Type B
D80: COGS | E80: =-E20*E18*E19*(1+$E$42) -> -5850 | F80: =-F20*F18*F19*(1+$E$42) -> -7800 | G80: =-G20*G18*G19*(1+$E$42) -> -9750 | H80: =-H20*H18*H19*(1+$E$42) -> -7800 | I80: =-I20*I18*I19*(1+$E$42) -> -8775 | J80: =-J20*J18*J19*(1+$E$42) -> -10725 | K80: =-K20*K18*K19*(1+$E$42) -> -9750 | L80: =-L20*L18*L19*(1+$E$42) -> -11700 | ... V80: =-V20*V18*V19*(1+$E$42) -> -9750
C82: Admin & Operating costs
D83: Salaries | E83: =-E28*E29*(1+$E$43) -> -1700 | F83: =-F28*F29*(1+$E$43) -> -1700 | G83: =-G28*G29*(1+$E$43) -> -1700 | H83: =-H28*H29*(1+$E$43) -> -2550 | I83: =-I28*I29*(1+$E$43) -> -2550 | J83: =-J28*J29*(1+$E$43) -> -2550 | K83: =-K28*K29*(1+$E$43) -> -2550 | L83: =-L28*L29*(1+$E$43) -> -2550 | ... V83: =-V28*V29*(1+$E$43) -> -2700
D84: Payroll taxes | E84: =E30*E83*(1+$E$43) -> -357 | F84: =F30*F83*(1+$E$43) -> -357 | G84: =G30*G83*(1+$E$43) -> -357 | H84: =H30*H83*(1+$E$43) -> -535.5 | I84: =I30*I83*(1+$E$43) -> -535.5 | J84: =J30*J83*(1+$E$43) -> -535.5 | K84: =K30*K83*(1+$E$43) -> -535.5 | L84: =L30*L83*(1+$E$43) -> -535.5 | ... V84: =V30*V83*(1+$E$43) -> -567
D85: Marketing costs | E85: =-E31*(1+$E$43) -> -1500 | F85: =-F31*(1+$E$43) -> -1500 | G85: =-G31*(1+$E$43) -> -1500 | H85: =-H31*(1+$E$43) -> -1500 | I85: =-I31*(1+$E$43) -> -1500 | J85: =-J31*(1+$E$43) -> -1500 | K85: =-K31*(1+$E$43) -> -1500 | L85: =-L31*(1+$E$43) -> -1500 | ... V85: =-V31*(1+$E$43) -> -1500
D86: Transportation costs | E86: =-E32*(E13+E18)*(1+$E$43) -> -400 | F86: =-F32*(F13+F18)*(1+$E$43) -> -500 | G86: =-G32*(G13+G18)*(1+$E$43) -> -600 | H86: =-H32*(H13+H18)*(1+$E$43) -> -700 | I86: =-I32*(I13+I18)*(1+$E$43) -> -975 | J86: =-J32*(J13+J18)*(1+$E$43) -> -1275 | K86: =-K32*(K13+K18)*(1+$E$43) -> -1450 | L86: =-L32*(L13+L18)*(1+$E$43) -> -1450 | ... V86: =-V32*(V13+V18)*(1+$E$43) -> -1225
C88: Other cash outflows
D89: Furniture | E89: =E35*(1+$E$44) -> -1500 | F89: =F35*(1+$E$44) -> 0 | G89: =G35*(1+$E$44) -> 0 | H89: =H35*(1+$E$44) -> -800 | I89: =I35*(1+$E$44) -> 0 | J89: =J35*(1+$E$44) -> 0 | K89: =K35*(1+$E$44) -> 0 | L89: =L35*(1+$E$44) -> 0 | ... V89: =V35*(1+$E$44) -> 0
D90: Hardware | E90: =E36*(1+$E$44) -> -4000 | F90: =F36*(1+$E$44) -> 0 | G90: =G36*(1+$E$44) -> 0 | H90: =H36*(1+$E$44) -> -2500 | I90: =I36*(1+$E$44) -> 0 | J90: =J36*(1+$E$44) -> 0 | K90: =K36*(1+$E$44) -> 0 | L90: =L36*(1+$E$44) -> 0 | ... V90: =V36*(1+$E$44) -> 0
D91: Software | E91: =E37*(1+$E$44) -> -2000 | F91: =F37*(1+$E$44) -> 0 | G91: =G37*(1+$E$44) -> 0 | H91: =H37*(1+$E$44) -> -1200 | I91: =I37*(1+$E$44) -> 0 | J91: =J37*(1+$E$44) -> 0 | K91: =K37*(1+$E$44) -> 0 | L91: =L37*(1+$E$44) -> 0 | ... V91: =V37*(1+$E$44) -> 0
C93: Total Cash Outflows | E93: =SUM(E76:E92) -> -23507 | F93: =SUM(F76:F92) -> -19297 | G93: =SUM(G76:G92) -> -22587 | H93: =SUM(H76:H92) -> -29985.5 | I93: =SUM(I76:I92) -> -32935.5 | J93: =SUM(J76:J92) -> -41385.5 | K93: =SUM(K76:K92) -> -45545.5 | L93: =SUM(L76:L92) -> -46255.5 | ... V93: =SUM(V76:V92) -> -39922

Sheet Config
B1: No | C1: Month | E1: Change
B2: 1 | C2: January | E2: -0.05
B3: 2 | C3: February | E3: -0.03
B4: 3 | C4: March | E4: -0.01
B5: 4 | C5: April | E5: 0
B6: 5 | C6: May | E6: 0.01
B7: 6 | C7: June | E7: 0.03
B8: 7 | C8: July | E8: 0.05
B9: 8 | C9: August
B10: 9 | C10: September
B11: 10 | C11: October
B12: 11 | C12: November
B13: 12 | C13: December
